 Dungeon Crawl Stone Soup version 0.28-a0-511-gcc94558de3 (webtiles) character file.

Game seed: 232450552560188732

12117 meatgazer the Hand of Shadow (level 11, -1/87 HPs)
             Began as a Demonspawn Monk on Sept 21, 2021.
             Was a High Priest of Dithmenos.
             Slain by a death yak (8 damage)
             ... on level 3 of the Lair of Beasts.
             The game lasted 00:31:15 (13667 turns).

meatgazer the Hand of Shadow (Demonspawn Monk)     Turns: 13667, Time: 00:31:16

Health: -1/87      AC: 24    Str: 23    XL:     11   Next: 58%
Magic:  19/19      EV: 14    Int: 20    God:    Dithmenos [*****.]
Gold:   640        SH:  0    Dex: 21    Spells: 20/20 levels left

rFire   . . .      SeeInvis .   a - +2 spear (elec)
rCold   . . .      Faith    .   (no shield)
rNeg    . . .      Spirit   .   r - +2 robe {Will+}
rPois   .          Reflect  .   u - +2 helmet
rElec   .          Harm     .   c - +2 cloak
rCorr   .          Rampage  .   A - +1 pair of gloves {Dex+3}
Will    +....                   g - +2 pair of boots of Sif Muna's Inspiration {Str+4 Int+3}
Stlth   ++++++++..              o - amulet of regeneration
HPRegen 1.24/turn               e - +6 ring of strength
MPRegen 0.16/turn               m - +6 ring of intelligence

@: about to teleport, sanguine armoured, wreathed by umbra
A: talons 2, demonic guardian 2, sanguine armour 2
a: Renounce Religion, Shadow Step, Shadow Form


You were on level 3 of the Lair of Beasts.
You worshipped Dithmenos.
Dithmenos was extremely pleased with you.
You visited 2 branches of the dungeon, and saw 14 of its levels.
You also visited: Sewer.

You collected 820 gold pieces.
You spent 180 gold pieces at shops.

Inventory:

Hand Weapons
 a - a +2 spear of electrocution (weapon)
 C - a +1 halberd of flaming
Armour
 c - a +2 cloak (worn)
 g - the +2 pair of boots of Sif Muna's Inspiration (worn) {Str+4 Int+3}
   (You found it on level 8 of the Dungeon)

   Str:       It affects your strength (+4).
   Int:       It affects your intelligence (+3).
 l - a +1 hat
 r - a +2 robe of willpower (worn)
 u - a +2 helmet (worn)
 v - the +0 leather armour "Lebb" {-Tele Regen+ rCorr}
   (You found it on level 10 of the Dungeon)

   -Tele:     It prevents most forms of teleportation.
   Regen:     It increases your rate of health regeneration.
   rCorr:     It protects you from acid and corrosion.
 A - a +1 pair of gloves of dexterity (worn)
Jewellery
 e - a +6 ring of strength (left hand)
 f - a ring of see invisible
 k - a ring of magical power
 m - a +6 ring of intelligence (right hand)
 o - an amulet of regeneration (around neck)
 x - an amulet of reflection
Wands
 b - a wand of polymorph (15)
 i - a wand of mindburst (10)
 j - a wand of paralysis (17)
 B - a wand of acid (3)
 D - a wand of digging (5)
Scrolls
 n - 8 scrolls of identify
 s - 2 scrolls of teleportation
Potions
 d - a potion of curing
 h - 2 potions of flight
 p - a potion of magic
 q - 3 potions of haste
 t - a potion of cancellation
 w - 2 potions of heal wounds
 z - a potion of ambrosia
Miscellaneous
 y - a piece from Xom's chessboard (15/15)
 E - a condenser vane


   Skills:
 + Level 8.4 Fighting
 + Level 7.6 Polearms
 - Level 3.2 Dodging
 * Level 9.9 Stealth
 - Level 5.3 Spellcasting
 + Level 11.5 Invocations
 + Level 3.7 Evocations


You had 20 spell levels left.
You didn't know any spells.
Your spell library contained the following spells:

 Spells                   Type           Power      Damage    Failure   Level
 Foxfire                  Conj/Fire      20%        2x1d5     11%         1
 Slow                     Hex            5%         N/A       17%         2
 Conjure Flame            Conj/Fire      5%         6-21      32%         3
 Inner Flame              Hex/Fire       5%         N/A       32%         3
 Cause Fear               Hex            2%         N/A       73%         4
 Flame Wave               Conj/Fire      5%         3d4       73%         4
 Blade Hands              Tmut           2%         N/A       97%         5
 Statue Form              Tmut/Erth      3%         N/A       100%        6


Dungeon Overview and Level Annotations

Branches:
Dungeon (11/15)            Temple (0/1) D:5            Lair (3/6) D:10
 Spider (0/4) Lair:2        Sewer (visited)
  Swamp: Lair:2-4    Shoals: Lair:2-4       Orc: D:9-12

Altars:
Cheibriados
Dithmenos
Fedhas
Gozag
Kikubaaqudgha
Makhleb
Nemelex Xobeh
Sif Muna
Trog
Vehumet
Xom
Zin

Shops:
D:1 ?   D:2 *   D:7 (?=

Annotations:
D:3 1 runed translucent door, peenler's ghost, weakling DjWz
Lair:2 2 transporters


Innate Abilities, Weirdness & Mutations

You have razor-sharp toenails.
A demonic guardian rushes to your aid.
When seriously injured, your bleeding wounds create thick armour. (AC +9)


Message History

You hit the death yak but do no damage.
The death yak is severely wounded.
You hit the death yak but do no damage.
The death yak is severely wounded.
The death yak gores you.
A water moccasin comes into view.
The death yak barely misses you.
The water moccasin hisses angrily.
You hit the death yak.
The death yak is severely wounded.
The death yak barely misses you.
The death yak gores you but does no damage.
The death yak gores you.
You puncture the death yak!
The death yak is severely wounded.
The death yak gores you!
A demonic guardian appears!
The death yak gores you but does no damage.
The death yak barely misses you.
You puncture the death yak!
The death yak is almost dead.
The death yak gores you!
Your blood congeals into armour.
The death yak gores you! The death yak closely misses you.
The death yak gores you but does no damage.
You hit the death yak.
The death yak is almost dead.
Your shadow hits the death yak but does no damage.
Your rust devil hits the death yak.
Your rust devil corrodes the death yak!
The death yak gores your rust devil! The death yak gores you!
The death yak gores you. The death yak closely misses you.
As you read the scroll of teleportation, it crumbles to dust.
You feel strangely unstable. The death yak gores you!
* * * LOW HITPOINT WARNING * * *
Your rust devil hits the death yak.
The death yak seems to be corroded for longer.
The death yak barely misses your rust devil.
The death yak gores you!
* * * LOW HITPOINT WARNING * * *
The death yak gores you but does no damage.
The death yak gores you!
You die...

#.. ##.. ##...
##...#######
##.....#....#
+...4S.......
#8..YYY8..>..
+...Y@Y......
...
....#...###...#
.... . #.!..#
##.... ##...###
#....#
##....###....#
##....8....#
##........#
####†.<.###
###...#####


You could see 5 death yaks, a water moccasin and a friendly rust devil
(summoned).

Vanquished Creatures
  Nergalle (Lair:2)
  A necromancer (Lair:2)
  An orb spider (Lair:2)
  A cyclops (D:7)
  Maggie (Lair:1)
  2 cane toads (Lair:1)
  3 komodo dragons (Lair:1)
  2 trolls
  A shadow (D:10)
  8 yaks
  A basilisk (Lair:2)
  A wyvern (D:9)
  6 water moccasins
  An orc warrior (D:7)
  8 wolves
  An ogre (D:7)
  4 centaurs
  A phantom (D:4)
  2 kobold brigands
  Blork the orc (D:6)
  2 scorpions
  7 bullfrogs
  A water moccasin skeleton (D:4)
  4 wights (D:6)
  7 killer bees
  5 howler monkeys
  A bullfrog zombie (D:6)
  A centaur zombie (D:10)
  5 jellies
  A gnoll shaman (D:5)
  4 iguanas
  Ijyb (D:5)
  10 orc wizards
  3 polar bear simulacra (Lair:2)
  2 yak simulacra (Lair:2)
  4 wolf simulacra (Lair:2)
  A hound zombie (D:5)
  A hound skeleton (D:5)
  3 gnolls (D:5)
  4 adders
  2 river rats (Sewer)
  2 white imps
  An adder skeleton (D:4)
  A dart slug (D:1)
  20 orcs
  3 bat zombies (D:3)
  4 endoplasms
  5 giant cockroaches
  5 goblins
  7 hobgoblins
  5 jackals
  8 quokkas
  5 ball pythons
  5 bats
  2 frilled lizards
  14 kobolds
  A quokka skeleton (D:4)
  8 rats
  A rat zombie (D:3)
  A river rat simulacrum (Lair:2)
214 creatures vanquished.

Vanquished Creatures (collateral kills)
  A two-headed ogre (D:8)
  An ugly thing (D:11)
  A cane toad (Lair:1)
  A komodo dragon (D:10)
  3 yaks (D:10)
  An ice beast (D:7)
  An ogre (D:5)
  A wolf (Lair:3)
  2 bullfrogs (Lair:1)
  A polar bear simulacrum (Lair:2)
  A dart slug (D:5)
  2 orcs (D:5)
16 creatures vanquished.

Vanquished Creatures (others)
  A fungus (Lair:1)
  27 plants
  5 withered plants (D:1)
33 creatures vanquished.

Grand Total: 263 creatures vanquished

Notes
Turn   | Place    | Note
-------+----------+-------------------------------------------
     0 | D:1      | meatgazer the Demonspawn Monk began the quest for the Orb.
     0 | D:1      | Reached XP level 1. HP: 18/18 MP: 1/1
    18 | D:1      | Found Ecour's Magic Scroll Shoppe.
   178 | D:1      | Found a faded altar of an unknown god.
   229 | D:1      | Became a worshipper of Dithmenos the Shadowed
   229 | D:1      | Reached * piety under Dithmenos
   229 | D:1      | Reached ** piety under Dithmenos
   397 | D:1      | Gained mutation: A weak demonic guardian rushes to your
                  | aid. [demonic ancestry]
   397 | D:1      | Reached XP level 2. HP: 22/24 MP: 2/2
   523 | D:1      | Reached *** piety under Dithmenos
   829 | D:2      | You fall into a shaft and drop 1 floor!
  1373 | D:2      | Found Falev's Assorted Antiques.
  1435 | D:2      | Gained mutation: You have sharp toenails. [demonic
                  | ancestry]
  1435 | D:2      | Reached XP level 3. HP: 25/29 MP: 3/3
  2251 | D:3      | Reached XP level 4. HP: 35/35 MP: 4/4
  2284 | D:3      | Found a radiant altar of Vehumet.
  2547 | D:3      | Found a runed translucent door.
  2548 | D:3      | Noticed peenler's ghost (weakling DjWz)
  3000 | D:3      | Reached skill level 1 in Invocations
  3403 | D:3      | Found an ancient bone altar of Kikubaaqudgha.
  3626 | D:4      | Gained mutation: When seriously injured, your bleeding
                  | wounds create armour. (AC +9) [demonic ancestry]
  3626 | D:4      | Reached XP level 5. HP: 39/42 MP: 6/6
  3930 | D:4      | Reached skill level 2 in Invocations
  3977 | D:4      | Found a blossoming altar of Fedhas.
  4275 | D:4      | Noticed a phantom
  4294 | D:4      | Killed a phantom
  4295 | D:4      | Reached skill level 3 in Invocations
  4295 | D:4      | Gained mutation: When seriously injured, your bleeding
                  | wounds create thick armour. (AC +9) [demonic ancestry]
  4295 | D:4      | Reached XP level 6. HP: 15/48 MP: 6/8
  4775 | D:5      | Entered Level 5 of the Dungeon
  4805 | D:5      | Found an opulent altar of Gozag.
  4847 | D:5      | Found a staircase to the Ecumenical Temple.
  4907 | D:5      | Reached skill level 1 in Spellcasting
  4938 | D:5      | Reached **** piety under Dithmenos
  5223 | D:5      | Noticed Ijyb
  5235 | D:5      | Paralysed by Ijyb for 6 turns
  5263 | D:5      | Killed Ijyb
  5313 | D:5      | Got Ebagaan's Grimoire of Captivating Moulding
  5372 | D:5      | Reached skill level 4 in Invocations
  5451 | D:5      | Reached XP level 7. HP: 52/55 MP: 10/10
  5934 | D:2      | Bought a shiny helmet for 180 gold pieces
  6061 | D:6      | Found a glowing drain.
  6081 | Sewer    | Entered a sewer
  6090 | Sewer    | Reached skill level 5 in Invocations
  6383 | D:6      | Found a snail-covered altar of Cheibriados.
  6388 | D:6      | Found a sparkling altar of Nemelex Xobeh.
  6500 | D:6      | Noticed Blork the orc
  6508 | D:6      | Killed Blork the orc
  6598 | D:6      | Reached skill level 5 in Fighting
  6611 | D:6      | Reached skill level 6 in Invocations
  6611 | D:6      | Reached XP level 8. HP: 24/62 MP: 12/12
  6668 | D:6      | Found a bloodstained altar of Trog.
  6921 | D:6      | Found a shimmering altar of Xom.
  7167 | D:7      | Noticed a cyclops
  7173 | D:7      | Reached skill level 7 in Invocations
  7196 | D:7      | Killed a cyclops
  7197 | D:7      | Reached skill level 5 in Polearms
  7197 | D:7      | Reached skill level 8 in Invocations
  7403 | D:7      | Reached skill level 5 in Stealth
  7471 | D:7      | Gained mutation: A demonic guardian rushes to your aid.
                  | [demonic ancestry]
  7471 | D:7      | Reached XP level 9. HP: 66/69 MP: 15/15
  7499 | D:7      | Found Mufakil's Jewellery Shoppe.
  7590 | D:7      | Found Miotuexe's Antique Weapon Shoppe.
  7645 | D:7      | Found Galep's Magic Scroll Shop.
  7846 | D:7      | Found a shimmering blue altar of Sif Muna.
  8404 | D:8      | Reached skill level 9 in Invocations
  8475 | D:8      | Identified the +2 pair of boots of Sif Muna's Inspiration
                  | {Str+4 Int+3}
  8676 | D:8      | Noticed a two-headed ogre
  8692 | D:8      | Killed a two-headed ogre
  8978 | D:9      | Noticed a troll
  8993 | D:9      | Killed a troll
  9003 | D:9      | Reached ***** piety under Dithmenos
  9201 | D:9      | Found a burning altar of Makhleb.
  9255 | D:9      | Gained mutation: You have razor-sharp toenails. [demonic
                  | ancestry]
  9255 | D:9      | Reached XP level 10. HP: 75/77 MP: 17/17
  9496 | D:10     | Entered Level 10 of the Dungeon
  9498 | D:10     | Identified the +0 leather armour "Lebb" {-Tele Regen+
                  | rCorr}
  9546 | D:10     | Reached skill level 5 in Spellcasting
  9798 | D:10     | Reached skill level 10 in Invocations
 10434 | D:10     | Found a staircase to the Lair.
 10774 | D:11     | Noticed a brown ugly thing
 10784 | D:11     | Killed a brown ugly thing
 10862 | Lair:1   | Entered Level 1 of the Lair of Beasts
 10990 | Lair:1   | Reached skill level 1 in Evocations
 11154 | Lair:1   | Noticed a cane toad
 11169 | Lair:1   | Killed a cane toad
 11260 | Lair:1   | Noticed a cane toad
 11274 | Lair:1   | Killed a cane toad
 11275 | Lair:1   | Reached XP level 11. HP: 61/85 MP: 19/19
 11336 | Lair:1   | Noticed Maggie
 11362 | Lair:1   | Killed Maggie
 12036 | Lair:1   | Reached skill level 11 in Invocations
 12778 | Lair:2   | Found a transporter.
 12781 | Lair:2   | Found a transporter.
 12782 | Lair:2   | Noticed a boulder beetle
 12782 | Lair:2   | Noticed a boulder beetle
 12824 | Lair:2   | Found a hole to the Spider Nest.
 12824 | Lair:2   | Noticed an orb spider
 12841 | Lair:2   | Killed an orb spider
 12911 | Lair:2   | Noticed a necromancer
 12924 | Lair:2   | Killed a necromancer
 13192 | Lair:2   | Noticed Nergalle
 13213 | Lair:2   | Killed Nergalle
 13653 | Lair:3   | Noticed a death yak
 13654 | Lair:3   | Noticed a death yak
 13655 | Lair:3   | Noticed a death yak
 13656 | Lair:3   | Noticed a death yak
 13656 | Lair:3   | Noticed a death yak
 13667 | Lair:3   | Slain by a death yak

Illustrated notes

Levels and vault maps discovered:
D:1:      wander_arrival_chamber, layout_basic,
          shapermc_ecumenical_altar_flowoftime, serial_shops, shop_fountains
D:2:      layout_loops_ring, serial_shops, shop
D:3:      layout_basic, vehumet_crystals, lemuel_zombie_altar_kikubaaqudgha,
          gammafunk_ghost_grave
D:4:      layout_loops_corners, fedhas_altar_2, minmay_goblin_kobold_house
D:5:      layout_cave_pods, grunt_gozag_statues, minmay_temple_entry_overgrown,
          uniq_ijyb
D:6:      layout_rooms, general_overflow_altar, dk_xom_monty_hall,
          cheibriados_altar_1, old_standard_altar, gup_sewer_entry_pipe,
          uniq_blork_the_orc
D:7:      layout_basic, tgw_sif, lemuel_crystal_altar, serial_shops,
          kennysheep_mini_moat, nicolae_shop_stone, nicolae_lakefront_shop
D:8:      layout_loops_ring
D:9:      layout_rooms, mainiacjoe_overflow_cross_hatched,
          minmay_misc_feat_more_columns
D:10:     layout_long_grid, david_lair_shrubbed, serial_co_window_serial,
          co_window_paths_a, co_window_paths_b, co_window_corner_a,
          co_window_corner_a, co_window_of_opportunity_a, co_window_paths_a,
          co_window_corner_a, co_window_broadway_c, co_window_broadway_a,
          co_window_unsneaky_path_d, co_window_2corner, co_window_broadway_c,
          co_window_4corner_a, glass_columns_b
D:11:     layout_irregular_city
Lair:1:   layout_cave_pods, uniq_maggie
Lair:2:   gammafunk_boulding_lane, layout_cellular_growth,
          nicolae_spider_entry_orb_guardian, eino_house_with_fridge,
          serial_bayou_shore_b, uniq_nergalle
Lair:3:   layout_cave_pods, grunt_megastairs_5, serial_bayou_shore_a,
          uniq_rupert

Skill      XL: |  1  2  3  4  5  6  7  8  9 10 11 |
---------------+----------------------------------+-----
Stealth        | 2 3 4 5 6 8 9 |  9.9
Polearms       | 3 4 5 6 7 |  7.6
Dodging        | 3 |  3.2
Invocations    | 1 3 4 6 8 9 10 11 | 11.5
Fighting       | 4 5 6 7 8 |  8.4
Spellcasting   | 1 2 3 4 5 |  5.3
Evocations     | 2 3 |  3.7

Action                   |  1- 3 |  4- 6 |  7- 9 | 10-12 || total
-------------------------+-------+-------+-------+-------++-------
Melee: Spear             |   138 |   223 |   362 |   442 ||  1165
       Kick              |     4 |    76 |    89 |       ||   169
Invok: Shadow Step       |       |     2 |       |       ||     2
  Use: Scroll            |       |     4 |     8 |     7 ||    19
       Potion            |       |     3 |     7 |     1 ||    11
 Stab: Sleeping          |     9 |     9 |    23 |    13 ||    54
       Distracted        |       |     2 |     4 |     6 ||    12
Armor: Robe              |    11 |    29 |    91 |   146 ||   277
Dodge: Dodged            |    56 |   139 |   281 |   270 ||   746

Table legend: (Time is in decaauts)
 A = Elapsed time spent in this place.
 B = Non-inter-level travel time spent in this place.
 C = Inter-level travel time spent in this place.
 D = Time resting spent in this place.
 E = Time spent auto-exploring this place.
 F = Levels seen in this place.
 G = Mean time per level.
                   A        B        C        D        E       F      G
               +--------+--------+--------+--------+--------+-----+--------+
         Total |  13505 |  12843 |    662 |   3405 |   7368 |  15 |  900.3 |
       Dungeon |  10489 |   9909 |    580 |   2698 |   5708 |  11 |  953.5 |
          Lair |   2718 |   2637 |     81 |    676 |   1534 |   3 |  906.0 |
         Sewer |    298 |    298 |      0 |     31 |    125 |   1 |  298.0 |
               +--------+--------+--------+--------+--------+-----+--------+

Top non-repeatable levels by time:
  Lair:1: 1524 daAuts
     D:2: 1495 daAuts
     D:4: 1380 daAuts
     D:3: 1337 daAuts
    D:10: 1178 daAuts
  Lair:2: 1114 daAuts
     D:7: 999 daAuts
     D:5: 956 daAuts
     D:8: 850 daAuts
     D:1: 805 daAuts
     D:6: 795 daAuts
     D:9: 524 daAuts
   Sewer: 298 daAuts
    D:11: 165 daAuts
  Lair:3: 80 daAuts
